 Dungeon Crawl Stone Soup version 0.19.5 (webtiles) character file.

3979 galech the Grappler (level 10, -10/92 HPs)
             Began as a Troll Monk on Mar 22, 2017.
             Was an Elder of Cheibriados.
             Mangled by MirrMurr's ghost (37 damage)
             ... on level 10 of the Dungeon.
             The game lasted 00:18:30 (6805 turns).

galech the Grappler (Troll Monk)                    Turns: 6805, Time: 00:18:31

Health: -10/92     AC:  9    Str: 34    XL:     10   Next: 2%
Magic:  9/9        EV: 13    Int: 16    God:    Cheibriados [****..]
Gold:   619        SH:  0    Dex: 22    Spells: 0 memorised, 9 levels left

rFire  . . .     SeeInvis +       - Unarmed
rCold  . . .     Gourm    +     a - +0 robe
rNeg   . . .     Faith    .     (no shield)
rPois  .         Spirit   .     (helmet restricted)
rElec  .         Reflect  .     u - +2 cloak
rCorr  .         Harm     .     (gloves unavailable)
MR     .....                    (boots unavailable)
Stlth  ++++......               (no amulet)
                                w - ring of stealth
                                E - ring of see invisible

@: drained, very slow
A: unfitting armour, claws 3, horns 1, fast metabolism 3, gourmand, sense
surroundings 1, regeneration 1, shaggy fur 2, tough skin 2, subdued magic 1
a: Bend Time, Temporal Distortion, Slouch, Renounce Religion


You were on level 10 of the Dungeon.
You worshipped Cheibriados.
Cheibriados was greatly pleased with you.
You were completely stuffed.

You visited 2 branches of the dungeon, and saw 11 of its levels.

You collected 619 gold pieces.

Inventory:

Missiles
 l - 307 stones (quivered)
Armour
 a - a +0 robe (worn)
 u - a +2 cloak (worn)
Jewellery
 v - an uncursed ring of flight
 w - a ring of stealth (right claw)
 E - a ring of see invisible (left claw)
Wands
 C - a wand of slowing (30/48)
 F - a wand of disintegration (18/24)
 I - a wand of lightning (6/15)
 K - a wand of disintegration (14/24)
 L - a wand of flame (31/48)
Scrolls
 c - 2 scrolls of enchant armour {unknown}
 e - 10 scrolls of remove curse {unknown}
 g - 13 scrolls of identify {unknown}
 k - 6 scrolls of teleportation {unknown}
 m - 2 scrolls of fog {unknown}
 r - 3 scrolls of fear {unknown}
 s - 2 scrolls of immolation {unknown}
 t - 3 scrolls of recharging {unknown}
 y - a scroll of amnesia {unknown}
 D - a scroll of acquirement {unknown}
Potions
 d - 7 potions of agility {unknown}
 f - 2 potions of experience {unknown}
 j - 3 potions of magic {unknown}
 n - a potion of heal wounds {unknown}
 o - 7 potions of resistance {unknown}
 p - a potion of might {unknown}
 x - 2 potions of flight {unknown}
 z - 2 potions of curing {unknown}
 A - 3 potions of lignification {unknown}
 H - a potion of cancellation {unknown}
 M - 2 potions of brilliance {unknown}
 O - a potion of ambrosia {unknown}
Books
 J - a book of Changes

   Spells                             Type                      Level
   a - Beastly Appendage              Transmutation                1
   b - Sticks to Snakes               Transmutation                2
   c - Spider Form                    Transmutation/Poison         3
   d - Ice Form                       Ice/Transmutation            4
   e - Blade Hands                    Transmutation                5
Comestibles
 b - 5 bread rations
 h - 7 meat rations
 i - 4 slices of pizza
 q - 5 beef jerkies
 B - 2 fruits
 G - a royal jelly
 N - 10 chunks of flesh


   Skills:
 + Level 3.7(3.0) Fighting
 + Level 1.3(0.7) Throwing
 + Level 5.5(4.8) Dodging
 + Level 4.2(3.5) Stealth
 + Level 11.1(10.3) Unarmed Combat


You had 9 spell levels left.
You didn't know any spells.

Dungeon Overview and Level Annotations

Branches:
Dungeon (10/15)            Temple (1/1) D:6            Lair (0/6) D:10
    Orc: D:9-12

Altars:
Ashenzari
Cheibriados
Dithmenos
Elyvilon
Fedhas
Gozag
Hepliaklqana
Kikubaaqudgha
Makhleb
Nemelex Xobeh
Ru
Sif Muna
Trog
Uskayaw
Vehumet
Xom
Yredelemnul
Zin
The Shining One
Beogh

Shops:
D:7 [   D:8 :

Annotations:
D:10 MirrMurr's ghost, journeyman TrAM


Innate Abilities, Weirdness & Mutations

You are too large for most types of armour.
You have claws for hands.
Your metabolism is lightning-fast.
You like to eat raw meat.
Your natural rate of healing is unusually fast.
You are covered in thick fur. (AC +2)
You have very tough skin. (AC +2)
You have a pair of small horns on your head.
You passively map a small area around you.
Your spells are a little easier to cast, but a little less powerful.


Message History

MirrMurr's ghost hits you!!
You scratch MirrMurr's ghost.
You headbutt MirrMurr's ghost, but do no damage.
MirrMurr's ghost is moderately damaged.
You miss MirrMurr's ghost. Your headbutt misses MirrMurr's ghost.
MirrMurr's ghost is moderately damaged.
MirrMurr's ghost hits you!
You claw MirrMurr's ghost! Your headbutt misses MirrMurr's ghost.
MirrMurr's ghost is heavily damaged.
MirrMurr's ghost hits you!!
* * * LOW HITPOINT WARNING * * *
You are too injured to fight recklessly!
You are too injured to fight recklessly!
You are too injured to fight recklessly!
You are too injured to fight recklessly!
MirrMurr's ghost barely misses you. MirrMurr's ghost barely misses you.
MirrMurr's ghost says, "Ah, a second chance to prove myself in battle!"
MirrMurr's ghost hits you!!!
You die...

#.#..[#####.....##.#,
#.#
#.##..#####.###.##.#.
* #.# #.*#.>##....#
...... * #.# #.
#..##.##.###.......#
#.# ,#...#
#..........., ,...#,
###.##.....# ...#
#)##, ... * * #..# ..
, , , ###.@# .# * ,
#...W###.# * *
#.#......# ,
#.#..###.......
,...... ...##..
........ .###**
*..#.#.... .. ,
#....#.## .#* ,
..#..... .#


You could see MirrMurr's ghost.

Vanquished Creatures
  Harold (D:9)
  An ice beast (D:5)
  3 phantoms
  A sky beast (D:7)
  3 centaurs
  5 ogres
  A big kobold (D:8)
  5 bullfrogs
  3 scorpions
  4 howler monkeys
  5 crimson imps
  3 bullfrog zombies
  4 jellies
  Crazy Yiuf (D:2)
  2 orc priests
  3 hounds
  2 bullfrog skeletons
  A gnoll shaman (D:9)
  8 orc wizards
  2 iguanas
  8 worker ants
  A hound zombie (D:10)
  15 gnolls
  A howler monkey skeleton (D:9)
  5 adders
  A shadow imp (D:8)
  3 adder zombies (D:8)
  An ooze (D:1)
  An adder skeleton (D:4)
  8 worms
  4 dart slugs
  7 leopard geckos
  24 orcs
  A ball python (D:3)
  6 giant cockroaches
  2 gnoll zombies (D:9)
  8 goblins
  8 hobgoblins
  5 quokkas
  6 bats
  6 frilled lizards
  A jackal zombie (D:9)
  8 kobolds
  A leopard gecko skeleton (D:4)
  A quokka zombie (D:5)
  7 rats
197 creatures vanquished.

Notes
Turn   | Place    | Note
-------+----------+-------------------------------------------
     0 | D:1      | galech the Troll Monk began the quest for the Orb.
     0 | D:1      | Reached XP level 1. HP: 22/22 MP: 0/0
   298 | D:1      | Reached XP level 2. HP: 24/29 MP: 1/1
   481 | D:1      | Found a shattered altar of Ashenzari.
   843 | D:1      | Reached XP level 3. HP: 27/36 MP: 2/2
  1110 | D:2      | Found a faded altar of an unknown god.
  1347 | D:2      | Found a runed door.
  1351 | D:2      | Noticed Crazy Yiuf
  1359 | D:2      | Killed Crazy Yiuf
  1359 | D:2      | Reached skill level 4 in Unarmed Combat
  1359 | D:2      | Reached XP level 4. HP: 20/44 MP: 0/3
  1885 | D:3      | Found a glowing silver altar of Zin.
  2002 | D:3      | Reached XP level 5. HP: 53/53 MP: 4/4
  2201 | D:3      | Found a roughly hewn altar of Beogh.
  2504 | D:4      | Reached skill level 5 in Unarmed Combat
  2531 | D:4      | Found a hazy altar of Hepliaklqana.
  2604 | D:4      | Reached XP level 6. HP: 52/61 MP: 5/5
  2893 | D:4      | Reached skill level 6 in Unarmed Combat
  2970 | D:4      | Reached XP level 7. HP: 67/67 MP: 6/6
  3025 | D:5      | Entered Level 5 of the Dungeon
  3276 | D:5      | Reached skill level 7 in Unarmed Combat
  3533 | D:6      | Reached XP level 8. HP: 56/75 MP: 7/7
  3575 | D:6      | Reached skill level 8 in Unarmed Combat
  3881 | D:6      | Found a staircase to the Ecumenical Temple.
  3899 | Temple   | Entered the Ecumenical Temple
  4006 | Temple   | Became a worshipper of Cheibriados the Contemplative
  4006 | Temple   | Reached * piety under Cheibriados
  4006 | Temple   | Reached ** piety under Cheibriados
  4270 | D:6      | Reached skill level 9 in Unarmed Combat
  4407 | D:7      | Gained mutation: Your spells are a little easier to cast, but a little less powerful. [mutagenic meat]
  4408 | D:7      | Gained mutation: You passively map a small area around you. [mutagenic meat]
  4409 | D:7      | Gained mutation: You are covered in thick fur. (AC +2) [mutagenic meat]
  4410 | D:7      | Gained mutation: You have a pair of small horns on your head. [mutagenic meat]
  4530 | D:7      | Found a burning altar of Makhleb.
  4531 | D:7      | Found a shimmering altar of Xom.
  4851 | D:7      | Found Neokkap's Antique Armour Shoppe.
  4872 | D:7      | Reached XP level 9. HP: 83/83 MP: 8/8
  4924 | D:7      | Found a glowing golden altar of the Shining One.
  5101 | D:8      | Reached *** piety under Cheibriados
  5141 | D:8      | Found a hide-covered altar of Uskayaw.
  5169 | D:8      | Found a sacrificial altar of Ru.
  5204 | D:8      | Reached skill level 10 in Unarmed Combat
  5457 | D:8      | Found Gydariok's Book Shoppe.
  5835 | D:9      | Found a basalt altar of Yredelemnul.
  5970 | D:9      | Reached skill level 5 in Dodging
  6018 | D:9      | Reached **** piety under Cheibriados
  6578 | D:10     | Entered Level 10 of the Dungeon
  6578 | D:10     | Noticed Harold
  6590 | D:9      | Killed Harold
  6590 | D:9      | Reached skill level 1 in Throwing
  6590 | D:9      | Reached skill level 11 in Unarmed Combat
  6701 | D:10     | Reached XP level 10. HP: 78/92 MP: 9/9
  6756 | D:10     | Found a staircase to the Lair.
  6795 | D:10     | Noticed MirrMurr's ghost (journeyman TrAM)
  6805 | D:10     | Mangled by MirrMurr's ghost

Skill      XL: |  1  2  3  4  5  6  7  8  9 |
---------------+----------------------------+-----
Dodging        | 3 4 5 |  5.5
Unarmed Combat | 4 5 6 7 9 11 | 11.1
Fighting       | 3 |  3.7
Stealth        | 2 3 4 |  4.2
Throwing       | 1 |  1.3

Action                   |  1- 3 |  4- 6 |  7- 9 | 10-12 || total
-------------------------+-------+-------+-------+-------++-------
Melee: Unarmed           |   115 |   137 |   285 |    15 ||   552
       Punch             |     2 |     3 |     8 |       ||    13
       Headbutt          |       |       |    38 |     5 ||    43
Throw: Stone             |    19 |       |    12 |       ||    31
 Stab: Sleeping          |       |     5 |    21 |     1 ||    27
       Distracted        |       |       |     1 |       ||     1
  Eat: Chunk             |    18 |    15 |    30 |     1 ||    64
Armor: Robe              |    29 |    36 |   112 |     2 ||   179
Dodge: Dodged            |    49 |    62 |   160 |    11 ||   282
